 Dungeon Crawl Stone Soup version 0.29-a0-617-g7a6b98fccd (webtiles) character file.

Game seed: 6265178042380519670

67 DocClef the Skirmisher (level 4, 0/31 HPs)
             Began as a Gargoyle Fighter on June 17, 2022.
             Slain by Robin
             ... wielding a +1 vorpal mace
              (5 damage)
             ... on level 2 of the Dungeon.
             The game lasted 00:02:45 (1345 turns).

DocClef the Skirmisher (Gargoyle Fighter)           Turns: 1345, Time: 00:02:46

Health: 0/31       AC: 10    Str: 21    XL:     4   Next: 16%
Magic:  4/4        EV:  9    Int:  9    God:
Gold:   95         SH:  4    Dex:  9    Spells: 3/3 levels left

rFire   . . .      SeeInvis .   a - +0 flail
rCold   . . .      Faith    .   c - +0 buckler
rNeg    + . .      Spirit   .   b - +0 scale mail
rPois   ∞          Reflect  .   (no helmet)
rElec   +          Harm     .   (no cloak)
rCorr   .          Rampage  .   (no gloves)
Will    .....                   (no boots)
Stlth   ..........              (no amulet)
HPRegen 0.10/turn               (no ring)
MPRegen 0.09/turn               (no ring)

@: mighty
A: sickness immunity, AC +3, negative energy resistance 1, electricity
resistance, torment resistance 1, petrification resistance
a: no special abilities


You were on level 2 of the Dungeon.
You visited 1 branch of the dungeon, and saw 2 of its levels.

You collected 95 gold pieces.

Inventory:

Hand Weapons
 a - a +0 flail (weapon)
Armour
 b - a +0 scale mail (worn)
 c - a +0 buckler (worn)
Jewellery
 h - a ring of fire
Scrolls
 e - a scroll of identify
 g - 2 scrolls of noise {unknown}
 j - a scroll of silence {unknown}
Potions
 d - a potion of might
 f - 2 potions of brilliance
 i - 3 potions of haste {unknown}


   Skills:
 + Level 5.4 Fighting
 - Level 2.0 Maces & Flails
 - Level 3.2 Armour
 - Level 3.2 Shields


You had 3 spell levels left.
You didn't know any spells.
Your spell library contained the following spells:

 Spells                   Type           Power      Damage    Failure   Level
 Shock                    Conj/Air       0%         1d3       82%         1
 Gell's Gravitas          Tloc           0%         N/A       99%         3
 Lesser Beckoning         Tloc           0%         N/A       99%         3
 Teleport Other           Tloc           0%         N/A       99%         3


Dungeon Overview and Level Annotations

Branches:
Dungeon (2/15)

Altars:

Annotations:
D:2 Robin


Innate Abilities, Weirdness & Mutations

You are immune to sickness and miasma.
Your stone body is resilient. (AC +3)
You are immune to poison.
You resist negative energy. (rN+)
You are resistant to electric shocks. (rElec)
You are resistant to unholy torment.
You are immune to petrification.


Message History

You are too injured to fight recklessly!
You are too injured to fight recklessly!
You are too injured to fight recklessly!
You are too injured to fight recklessly!
You are too injured to fight recklessly!
Unknown command.
The hobgoblin attacks as you move away!
The hobgoblin hits you but does no damage.
Robin hits you with a +1 vorpal mace.
* * * LOW HITPOINT WARNING * * *
Things that are here:
a +0 club; a goblin corpse Robin attacks as you move away!
Robin barely misses you. The hobgoblin attacks as you move away!
The hobgoblin hits you but does no damage.
The hobgoblin no longer looks unusually strong.
Robin throws the goblin at you!
You barely miss the goblin.
The hobgoblin hits you but does no damage.
The goblin hits you with a +0 dagger.
* * * LOW HITPOINT WARNING * * *
You feel very mighty all of a sudden. The goblin hits you but does no damage.
Robin roars a battlecry!
The hobgoblin goes into a battle-frenzy!
The hobgoblin hits you but does no damage.
You closely miss the goblin. The goblin hits you but does no damage.
The hobgoblin hits you but does no damage.
You miss the goblin.
The goblin no longer looks unusually strong.
The goblin hits you but does no damage. The hobgoblin barely misses you.
The hobgoblin hits you but does no damage.
The goblin barely misses you.
You sock the goblin!
You kill the goblin!
The hobgoblin hits you but does no damage.
You sock the hobgoblin!
You kill the hobgoblin!
Robin hits you with a +1 vorpal mace.
You die...

##..#
#...#####
#.#.....#
#.......#
#######.#
#.# #.#
#)# #@#
#######g#
......).#
#######)#
#.# #.#
#.# #.#
#.#


You could see Robin.

Vanquished Creatures
  A gnoll (D:1)
  An adder (D:2)
  A worm (D:2)
  3 dart slugs
  2 endoplasms
  A giant cockroach (D:1)
  6 goblins
  4 hobgoblins
  7 kobolds (D:1)
  A quokka (D:1)
  4 ball pythons (D:1)
  A bat (D:1)
  6 frilled lizards
  2 rats (D:1)
40 creatures vanquished.

Vanquished Creatures (others)
  A goblin (D:2)
1 creature vanquished.

Grand Total: 41 creatures vanquished

Notes
Turn   | Place    | Note
-------+----------+-------------------------------------------
     0 | D:1      | DocClef the Gargoyle Fighter began the quest for the Orb.
     0 | D:1      | Reached XP level 1. HP: 14/14 MP: 1/1
   135 | D:1      | Reached XP level 2. HP: 20/20 MP: 2/2
   138 | D:1      | Reached skill level 4 in Fighting
   332 | D:1      | Found a faded altar of an unknown god.
   338 | D:1      | Got Plato's Incunabulum of Attacks
   540 | D:1      | Reached XP level 3. HP: 10/24 MP: 3/3
  1022 | D:1      | Reached skill level 5 in Fighting
  1277 | D:2      | Reached XP level 4. HP: 31/31 MP: 4/4
  1328 | D:2      | Noticed Robin
  1345 | D:2      | Slain by Robin

Illustrated notes

Levels and vault maps discovered:
D:1:      ncdulo_wetmaze, layout_basic, shapermc_ecumenical_altar_rom_forum
D:2:      layout_loops_ring, uniq_robin

Skill      XL: |  1  2  3 |
---------------+----------+-----
Fighting       | 4 5 |  5.4
Maces & Flails | |  2.0
Armour         | |  3.2
Shields        | |  3.2

Action                   |  1- 3 |  4- 6 || total
-------------------------+-------+-------++-------
Melee: Flail             |    89 |    21 ||   110
  Use: Scroll            |     2 |       ||     2
       Potion            |       |     1 ||     1
Armor: Scale mail        |    40 |    15 ||    55
Dodge: Dodged            |    46 |     8 ||    54
Block: Buckler           |    20 |     5 ||    25

Table legend: (Time is in decaauts)
 A = Elapsed time spent in this place.
 B = Non-inter-level travel time spent in this place.
 C = Inter-level travel time spent in this place.
 D = Time resting spent in this place.
 E = Time spent auto-exploring this place.
 F = Levels seen in this place.
 G = Mean time per level.
                   A        B        C        D        E       F      G
               +--------+--------+--------+--------+--------+-----+--------+
         Total |   1388 |   1320 |     68 |      0 |   1055 |   2 |  694.0 |
       Dungeon |   1388 |   1320 |     68 |      0 |   1055 |   2 |  694.0 |
               +--------+--------+--------+--------+--------+-----+--------+

Top non-repeatable levels by time:
     D:1: 1127 daAuts
     D:2: 261 daAuts
